 Dungeon Crawl Stone Soup version 0.26.1-11-gd32895ea62 (webtiles) character file.

Game seed: 14950455485248834408

250 Zeld the Shield-Bearer (level 6, -1/44 HPs)
             Began as an Octopode Fighter on May 10, 2021.
             Slain by an ogre
             ... wielding a cursed +0 giant club
              (11 damage)
             ... on level 4 of the Dungeon.
             The game lasted 00:02:48 (3472 turns).

Zeld the Shield-Bearer (Octopode Fighter)           Turns: 3472, Time: 00:02:49

Health: -1/44      AC:  1    Str: 18    XL:     6   Next: 13%
Magic:  6/6        EV: 12    Int: 10    God:
Gold:   191        SH:  9    Dex: 11    Spells: 5/5 levels left

rFire    . . .     SeeInvis .   a - +0 war axe
rCold    . . .     Faith    .   b - +0 kite shield
rNeg     . . .     Spirit   .   (helmet restricted)
rPois    .         Reflect  .   (no amulet)
rElec    .         Harm     .   (no ring)
rCorr    .         Rampage  .   (no ring)
Will     .....                  (no ring)
Stlth    ++........             (no ring)
HPRegen  0.14/turn              (no ring)
MPRegen  0.10/turn              (no ring)
                                (no ring)
                                (no ring)

@: no status effects
A: almost no armour, stealthy swim, amphibious, 8 rings, constrict 8, camouflage
1, gelatinous body 1
a: no special abilities


You were on level 4 of the Dungeon.
You visited 1 branch of the dungeon, and saw 4 of its levels.

You collected 191 gold pieces.

Inventory:

Hand Weapons
 a - a +0 war axe (weapon)
Armour
 b - a +0 kite shield (worn)
Jewellery
 m - an uncursed ring of resist corrosion {unknown}
Scrolls
 d - a scroll of noise {unknown}
 g - 2 scrolls of enchant weapon {unknown}
 h - a scroll of random uselessness {unknown}
 j - 2 scrolls of enchant armour {unknown}
 k - 4 scrolls of identify {unknown}
 l - a scroll of immolation {unknown}
 o - a scroll of magic mapping {unknown}
 p - 2 scrolls of teleportation {unknown}
Potions
 c - 2 potions of might
 e - a potion of cancellation {unknown}
 f - 2 potions of heal wounds {unknown}
 i - a potion of flight {unknown}
 n - a potion of mutation {unknown}


   Skills:
 * Level 4.5 Fighting
 * Level 3.8 Axes
 - Level 3.0 Dodging
 * Level 4.5 Shields


You had 5 spell levels left.
You didn't know any spells.
Your spell library was empty.

Dungeon Overview and Level Annotations

Branches:
Dungeon (4/15)
 Temple: D:4-7

Altars:
Vehumet


Innate Abilities, Weirdness & Mutations

You cannot wear most types of armour.
You are very stealthy in the water. (Stealth+)
You are amphibious.
You can wear up to eight rings at the same time.
You can use your tentacles to constrict eight enemies at once.
Your skin changes colour to match your surroundings (Stealth+).
Your rubbery body absorbs attacks. (AC +1, EV +1)


Message History

Your experience leads to an increase in your attributes!
Increase (S)trength, (I)ntelligence, or (D)exterity?
You feel stronger.
An ogre comes into view. It is wielding a +0 giant club.
The helpless ogre fails to defend itself.
You slash the ogre! You squeeze the ogre.
The ogre is heavily wounded.
The ogre hits you with a cursed +0 giant club!
You slash the ogre!
The ogre is severely wounded.
The ogre closely misses you.
You hit the ogre but do no damage.
The ogre is severely wounded.
The ogre hits you with a cursed +0 giant club!
* * * LOW HITPOINT WARNING * * *
Press: ? - help, v - describe, . - travel
Here: an ogre, wielding a +0 giant club (severely wounded)
The floor.
The ogre hits you with a cursed +0 giant club!
You die...

###..########..#
#............#
#...........##
##..######### #...# ###
##..## #.######..รท###
##............#######
##............O@.....###
##.............######...#
#..####........# ##..##
..## ###......## ##..##
.## ##..##..## #...####
.# ##.####..## ###....#
.# #..# ##..## #888.#
.### ###..# ##..## #....#
...####...## ##..# #.888#


You could see an ogre.

Vanquished Creatures
  2 centaur skeletons (D:4)
  An orc wizard (D:3)
  A worker ant (D:4)
  2 hound skeletons (D:4)
  3 adders
  An ooze (D:1)
  A worm (D:2)
  2 leopard geckos
  5 orcs (D:3)
  2 ball pythons
  5 giant cockroaches
  7 goblins
  11 hobgoblins
  8 jackals
  A quokka (D:2)
  3 bats
  2 frilled lizards
  8 kobolds
  9 rats
74 creatures vanquished.

Notes
Turn   | Place    | Note
-------+----------+-------------------------------------------
     0 | D:1      | Zeld the Octopode Fighter began the quest for the Orb.
     0 | D:1      | Reached XP level 1. HP: 16/16 MP: 1/1
   280 | D:1      | Reached XP level 2. HP: 5/21 MP: 2/2
   669 | D:1      | HP: 1/21 [ooze (1)]
   671 | D:1      | Reached XP level 3. HP: 1/26 MP: 3/3
  1840 | D:2      | You fall into a shaft and drop 2 floors!
  1858 | D:4      | Reached XP level 4. HP: 27/33 MP: 4/4
  2136 | D:3      | Reached XP level 5. HP: 33/37 MP: 5/5
  2604 | D:2      | Found a radiant altar of Vehumet.
  3435 | D:4      | Reached XP level 6. HP: 35/44 MP: 6/6
  3472 | D:4      | Slain by an ogre

Illustrated notes

Levels and vault maps discovered:
D:1:      amcnicky_arrival_blooded_trapdoor, layout_basic, st_stairs_14,
          grunt_decor_arrowhead, minmay_octomino_e4
D:2:      layout_basic, lemuel_coloured_pillars_altar
D:3:      layout_basic
D:4:      layout_layer_cave, amethyst_overflow_temple_binary,
          lemuel_round_altar, small_statue_alley_b, kennysheep_generic_room_8,
          uniq_robin

Skill      XL: |  1  2  3  4 |
---------------+-------------+-----
Axes           | 3 |  3.8
Shields        | 4 |  4.5
Fighting       | 4 |  4.5
Dodging        | |  3.0

Action                   |  1- 3 |  4- 6 || total
-------------------------+-------+-------++-------
Melee: War axe           |    56 |    78 ||   134
       Constrict         |    14 |    24 ||    38
       Tentacles         |     6 |    10 ||    16
 Stab: Sleeping          |     9 |     3 ||    12
Armor: Skin              |     4 |     5 ||     9
Dodge: Dodged            |    24 |    36 ||    60
Block: Kite shield       |    29 |    39 ||    68
